PL
TOLEDO TITANS @ ATLANTA SMOKE
07/25/2020
 
TOP OF THE 1ST
Toledo Titans batting - Pitching for Atlanta Smoke : RHP Cole Hall
Pitching: RHP Cole Hall
Batting: LHB Héctor Cortéz 0-0: Ball
1-0: Foul Ball, location: 2F
1-1: Foul Ball, location: 2F
1-2: Strikes out looking
Batting: LHB David Martínez 0-0: Ball
1-0: Ball
2-0: Foul Ball, location: 2F
2-1: Ball
3-1: Base on Balls
Batting: LHB Michael Neely 0-0: Ball
1-0: Ball
2-0: Ball
3-0: Called Strike
3-1: Foul Ball, location: 2F
3-2: Strikes out swinging
David Martínez steals 2nd base
Batter strikes out.
Batting: LHB Iván Gonzáles 0-0: Fly out, F7 (Flyball, 7M)
Top of the 1st over - 0 run(s), 0 hit(s), 0 error(s), 1 left on base; Toledo 0 - Atlanta 0
BOTTOM OF THE 1ST
Atlanta Smoke batting - Pitching for Toledo Titans : RHP Pedro Ritodíaz
Pitching: RHP Pedro Ritodíaz
Batting: LHB Albert Morán 0-0: Ball
1-0: Ground out 1-3 (Groundball, 15S)
Batting: LHB Mike Blue 0-0: Ball
1-0: Ball
2-0: Swinging Strike
2-1: Foul Ball, location: 2F
2-2: Ground out 6-3 (Groundball, 6M)
Batting: RHB Cale Sutton 0-0: Ball
1-0: Foul Ball, location: 2F
1-1: Ball
2-1: Swinging Strike
2-2: Ball
3-2: Foul Ball, location: 2F
3-2: Strikes out swinging
Bottom of the 1st over - 0 run(s), 0 hit(s), 0 error(s), 0 left on base; Toledo 0 - Atlanta 0
TOP OF THE 2ND
Toledo Titans batting - Pitching for Atlanta Smoke : RHP Cole Hall
Batting: RHB Juan Orozco 0-0: Ball
1-0: Ball
2-0: SINGLE (Line Drive, 4D)
Batting: LHB Miguel Chávez 0-0: 2-RUN HOME RUN (Flyball, 89XD), Distance : 426 ft
Batting: RHB Brad Brown 0-0: SOLO HOME RUN (Flyball, 78XD), Distance : 429 ft
Batting: LHB Rick Harrison 0-0: Called Strike
0-1: Foul Ball, location: 2F
0-2: Ground out 2-3 (Groundball, 2L)
Batting: RHB Pedro Ritodíaz 0-0: Ball
1-0: Fly out, F9 (Flyball, 89M)
Batting: LHB Héctor Cortéz 0-0: Ball
1-0: SOLO HOME RUN (Flyball, 89XD), Distance : 429 ft
Batting: LHB David Martínez 0-0: Called Strike
0-1: Ball
1-1: Ground out U3 (Groundball, 3L)
Top of the 2nd over - 4 run(s), 4 hit(s), 0 error(s), 0 left on base; Toledo 4 - Atlanta 0
BOTTOM OF THE 2ND
Atlanta Smoke batting - Pitching for Toledo Titans : RHP Pedro Ritodíaz
Batting: RHB Bob Campbell 0-0: Ball
1-0: Ball
2-0: DOUBLE (Flyball, 8LXD)
Batting: RHB Mike Burns 0-0: Foul Ball, location: 2F
0-1: Swinging Strike
0-2: Ball
1-2: Strikes out swinging
Batting: RHB Leandro Tuzzi 0-0: Ground out 6-3 (Groundball, 6)
Batting: RHB Joe Runyon 0-0: Ball
1-0: Ball
2-0: Ball
3-0: Base on Balls
Batting: RHB Scott Forrest 0-0: Ball
1-0: Foul Ball, location: 2F
1-1: Swinging Strike
1-2: Foul Ball, location: 2F
1-2: Ball
2-2: Ball
3-2: Strikes out swinging
Bottom of the 2nd over - 0 run(s), 1 hit(s), 0 error(s), 2 left on base; Toledo 4 - Atlanta 0
TOP OF THE 3RD
Toledo Titans batting - Pitching for Atlanta Smoke : RHP Cole Hall
Batting: LHB Michael Neely 0-0: Called Strike
0-1: Ball
1-1: Ball
2-1: SINGLE (Flyball, 4MD)
Batting: LHB Iván Gonzáles 0-0: Foul Ball, location: 2F
0-1: Swinging Strike
0-2: Ball
1-2: Ball
2-2: Ball
3-2: Strikes out swinging
Batting: RHB Juan Orozco 0-0: Ball
1-0: Ground out 3-1 (Groundball, 34)
Michael Neely to second
Batting: LHB Miguel Chávez 0-0: Ball
1-0: Called Strike
1-1: Ball
2-1: Ball
3-1: Called Strike
3-2: Strikes out swinging
Top of the 3rd over - 0 run(s), 1 hit(s), 0 error(s), 1 left on base; Toledo 4 - Atlanta 0
BOTTOM OF THE 3RD
Atlanta Smoke batting - Pitching for Toledo Titans : RHP Pedro Ritodíaz
Batting: RHB Cole Hall 0-0: Ball
1-0: Ball
2-0: Foul Ball, location: 2F
2-1: Foul Ball, location: 2F
2-2: Strikes out swinging
Batting: LHB Albert Morán 0-0: Ball
1-0: SINGLE (Line Drive, 89S)
Batting: LHB Mike Blue 0-0: Called Strike
0-1: Ball
1-1: Ball
2-1: Ball
3-1: Swinging Strike
3-2: Grounds into double play, 6-4-3 (Groundball, 6)
Bottom of the 3rd over - 0 run(s), 1 hit(s), 0 error(s), 0 left on base; Toledo 4 - Atlanta 0
TOP OF THE 4TH
Toledo Titans batting - Pitching for Atlanta Smoke : RHP Cole Hall
Batting: RHB Brad Brown 0-0: Called Strike
0-1: Foul Ball, location: 2F
0-2: Foul Ball, location: 2F
0-2: Ball
1-2: Ground out 6-3 (Groundball, 6)
Batting: LHB Rick Harrison 0-0: Called Strike
0-1: Ball
1-1: Foul Ball, location: 2F
1-2: Foul Ball, location: 2F
1-2: Ball
2-2: Fly out, F3 (Popup, 13)
Batting: RHB Pedro Ritodíaz 0-0: Swinging Strike
0-1: Ball
1-1: Foul Ball, location: 2F
1-2: Ball
2-2: Strikes out swinging
Top of the 4th over - 0 run(s), 0 hit(s), 0 error(s), 0 left on base; Toledo 4 - Atlanta 0
BOTTOM OF THE 4TH
Atlanta Smoke batting - Pitching for Toledo Titans : RHP Pedro Ritodíaz
Batting: RHB Cale Sutton 0-0: Ball
1-0: Called Strike
1-1: Ground out 5-3 (Groundball, 56S)
Batting: RHB Bob Campbell 0-0: SINGLE (Line Drive, 34D)
Batting: RHB Mike Burns 0-0: Called Strike
0-1: Foul Ball, location: 2F
0-2: Foul Ball, location: 2F
0-2: Foul Ball, location: 2F
0-2: Strikes out swinging
Batting: RHB Leandro Tuzzi 0-0: Ball
1-0: Swinging Strike
1-1: Ball
2-1: Foul Ball, location: 2F
2-2: Fly out, F8 (Flyball, 89S)
Bottom of the 4th over - 0 run(s), 1 hit(s), 0 error(s), 1 left on base; Toledo 4 - Atlanta 0
TOP OF THE 5TH
Toledo Titans batting - Pitching for Atlanta Smoke : RHP Cole Hall
Batting: LHB Héctor Cortéz 0-0: Ball
1-0: Ball
2-0: Called Strike
2-1: Foul Ball, location: 2F
2-2: Foul Ball, location: 2F
2-2: Foul Ball, location: 2F
2-2: Foul Ball, location: 2F
2-2: Foul Ball, location: 2F
2-2: Ball
3-2: Foul Ball, location: 2F
3-2: Strikes out swinging
Batting: LHB David Martínez 0-0: Called Strike
0-1: Ball
1-1: Swinging Strike
1-2: Ball
2-2: Strikes out looking
Batting: LHB Michael Neely 0-0: Ball
1-0: Ground out 3-1 (Groundball, 34)
Top of the 5th over - 0 run(s), 0 hit(s), 0 error(s), 0 left on base; Toledo 4 - Atlanta 0
BOTTOM OF THE 5TH
Atlanta Smoke batting - Pitching for Toledo Titans : RHP Pedro Ritodíaz
Batting: RHB Joe Runyon 0-0: Foul Ball, location: 2F
0-1: SINGLE (Line Drive, 89S)
Batting: RHB Scott Forrest 0-0: Called Strike
0-1: Called Strike
0-2: Strikes out looking
Batting: RHB Cole Hall 0-0: Bunt - Flyout! F1
Batting: LHB Albert Morán 0-0: Called Strike
0-1: Foul Ball, location: 2F
0-2: Foul Ball, location: 2F
0-2: Ball
1-2: Foul Ball, location: 2F
1-2: Ground out U3 (Groundball, 3S)
Bottom of the 5th over - 0 run(s), 1 hit(s), 0 error(s), 1 left on base; Toledo 4 - Atlanta 0
TOP OF THE 6TH
Toledo Titans batting - Pitching for Atlanta Smoke : RHP Cole Hall
Batting: LHB Iván Gonzáles 0-0: Foul Ball, location: 2F
0-1: Ball
1-1: Ball
2-1: Ball
3-1: Foul Ball, location: 2F
3-2: Foul Ball, location: 2F
3-2: Foul Ball, location: 2F
3-2: Base on Balls
Batting: RHB Juan Orozco 0-0: DOUBLE (Line Drive, 6D)
Iván Gonzáles to third
Batting: LHB Miguel Chávez 0-0: Intentional Walk
Batting: RHB Brad Brown 0-0: Ball
1-0: Fly out, F9 (Flyball, 9LS)
Batting: LHB Rick Harrison 0-0: GRAND SLAM HOME RUN (Flyball, 9D), Distance : 380 ft
Pitching: LHP Rick Payne
Batting: RHB Pedro Ritodíaz 0-0: SINGLE (Flyball, 8RS)
Batting: LHB Héctor Cortéz 0-0: Called Strike
0-1: Ball
1-1: Grounds out, U3 (Groundball, 3L)
Batting: LHB David Martínez 0-0: Called Strike
0-1: Ball
1-1: Ground out U3 (Groundball, 3)
Top of the 6th over - 4 run(s), 3 hit(s), 0 error(s), 1 left on base; Toledo 8 - Atlanta 0
BOTTOM OF THE 6TH
Atlanta Smoke batting - Pitching for Toledo Titans : RHP Pedro Ritodíaz
Batting: LHB Mike Blue 0-0: Swinging Strike
0-1: Ball
1-1: DOUBLE (Line Drive, 9LM)
Pitching: RHP Ryoichi Maruyama
Batting: RHB Cale Sutton 0-0: Ball
1-0: Foul Ball, location: 2F
1-1: Ball
2-1: Foul Ball, location: 2F
2-2: Foul Ball, location: 2F
2-2: Ball
3-2: Base on Balls
Batting: RHB Bob Campbell 0-0: Ball
1-0: Called Strike
1-1: SINGLE (Line Drive, 89S)
Mike Blue to third
Cale Sutton to second
Batting: RHB Mike Burns 0-0: Ball
1-0: Swinging Strike
1-1: Swinging Strike
1-2: Strikes out swinging
Batting: RHB Leandro Tuzzi 0-0: Ground out 5-3 (Groundball, 15S)
Mike Blue scores
Cale Sutton to third
Bob Campbell to second
Batting: RHB Joe Runyon 0-0: Called Strike
0-1: Ball
1-1: Ground out 6-3 (Groundball, 6M)
Bottom of the 6th over - 1 run(s), 2 hit(s), 0 error(s), 2 left on base; Toledo 8 - Atlanta 1
TOP OF THE 7TH
Toledo Titans batting - Pitching for Atlanta Smoke : LHP Rick Payne
Batting: LHB Michael Neely 0-0: Ball
1-0: Fly out, F6 (Line Drive, 6)
Batting: LHB Iván Gonzáles 0-0: Ball
1-0: Swinging Strike
1-1: Ball
2-1: Foul Ball, location: 2F
2-2: Strikes out swinging
Batting: RHB Juan Orozco 0-0: Ball
1-0: Ball
2-0: Called Strike
2-1: Foul Ball, location: 2F
2-2: Ground out 2-3 (Groundball, 2R)
Top of the 7th over - 0 run(s), 0 hit(s), 0 error(s), 0 left on base; Toledo 8 - Atlanta 1
BOTTOM OF THE 7TH
Atlanta Smoke batting - Pitching for Toledo Titans : RHP Ryoichi Maruyama
Batting: RHB Scott Forrest 0-0: Called Strike
0-1: Swinging Strike
0-2: Strikes out looking
Pinch Hitting: LHB Brad Lawrence 0-0: Ball
1-0: Bunted foul
1-1: Foul Ball, location: 2F
1-2: Ball
2-2: Foul Ball, location: 2F
2-2: Ball
3-2: Ground out 4-3 (Groundball, 4)
Batting: LHB Albert Morán 0-0: Foul Ball, location: 2F
0-1: Ball
1-1: Swinging Strike
1-2: Strikes out looking
Bottom of the 7th over - 0 run(s), 0 hit(s), 0 error(s), 0 left on base; Toledo 8 - Atlanta 1
TOP OF THE 8TH
Toledo Titans batting - Pitching for Atlanta Smoke : LHP Rick Payne
Pitching: RHP Mike Farrell
Batting: LHB Miguel Chávez 0-0: Foul Ball, location: 2F
0-1: Foul Ball, location: 2F
0-2: Ball
1-2: Ball
2-2: Foul Ball, location: 2F
2-2: Foul Ball, location: 2F
2-2: Ball
3-2: Ground out 3-1 (Groundball, 34)
Batting: RHB Brad Brown 0-0: Ball
1-0: Ball
2-0: Swinging Strike
2-1: Called Strike
2-2: Ball
3-2: Strikes out looking
Batting: LHB Rick Harrison 0-0: Foul Ball, location: 2F
0-1: Fly out, F9 (Flyball, 9M)
Top of the 8th over - 0 run(s), 0 hit(s), 0 error(s), 0 left on base; Toledo 8 - Atlanta 1
BOTTOM OF THE 8TH
Atlanta Smoke batting - Pitching for Toledo Titans : RHP Ryoichi Maruyama
Batting: LHB Mike Blue 0-0: Foul Ball, location: 2F
0-1: Ground out 3-1 (Groundball, 34)
Batting: RHB Cale Sutton 0-0: Foul Ball, location: 2F
0-1: Ball
1-1: Called Strike
1-2: Foul Ball, location: 2F
1-2: Strikes out swinging
Batting: RHB Bob Campbell 0-0: Ball
1-0: Ground out 5-3 (Groundball, 5S)
Bottom of the 8th over - 0 run(s), 0 hit(s), 0 error(s), 0 left on base; Toledo 8 - Atlanta 1
TOP OF THE 9TH
Toledo Titans batting - Pitching for Atlanta Smoke : RHP Mike Farrell
Pinch Hitting: RHB Sherman Davis 0-0: Called Strike
0-1: Ground out 6-3 (Groundball, 56)
Batting: LHB Héctor Cortéz 0-0: Ground out U3 (Groundball, 3L)
Batting: LHB David Martínez 0-0: Foul Ball, location: 2F
0-1: Ball
1-1: Ball
2-1: Ball
3-1: Ground out 1-3 (Groundball, 15)
Top of the 9th over - 0 run(s), 0 hit(s), 0 error(s), 0 left on base; Toledo 8 - Atlanta 1
BOTTOM OF THE 9TH
Atlanta Smoke batting - Pitching for Toledo Titans : RHP Ryoichi Maruyama
Pitching: RHP Adrián Ramos
Batting: RHB Mike Burns 0-0: Called Strike
0-1: Swinging Strike
0-2: Foul Ball, location: 2F
0-2: Ball
1-2: Strikes out swinging
Batting: RHB Leandro Tuzzi 0-0: Called Strike
0-1: Foul Ball, location: 2F
0-2: SINGLE (Line Drive, 4D)
Batting: RHB Joe Runyon 0-0: Foul Ball, location: 2F
0-1: Ball
1-1: Ball
2-1: Foul Ball, location: 2F
2-2: Fly out, F4 (Popup, 4D)
Batting: RHB Scott Forrest 0-0: Ball
1-0: Ball
2-0: Ball
3-0: Base on Balls
Leandro Tuzzi to second
Pinch Hitting: LHB Bernardo Elías 0-0: Swinging Strike
0-1: Ball
1-1: Ball
2-1: Foul Ball, location: 2F
2-2: Ground out 1-3 (Groundball, 13S)
Bottom of the 9th over - 0 run(s), 1 hit(s), 0 error(s), 2 left on base; Toledo 8 - Atlanta 1
This league is powered by Out of the Park Baseball, the baseball management simulation game for PC, Mac and Linux
Friday, October 23rd, 2015 - OOTP Baseball 16.9 Build 39